 Dungeon Crawl Stone Soup version 0.19-a0-593-gf2cdb02 (webtiles) character file.

692 pk666 the Skirmisher (level 7, -1/63 HPs)
             Began as a Minotaur Berserker on June 10, 2016.
             Was an Elder of Trog.
             Killed from afar by an orc wizard (7 damage)
             ... with a puff of flame
             ... on level 6 of the Dungeon.
             The game lasted 00:08:45 (3537 turns).

pk666 the Skirmisher (Minotaur Berserker)           Turns: 3537, Time: 00:08:47

Health: -1/63      AC:  8    Str: 23    XL:     7   Next: 36%
Magic:  6/6        EV: 12    Int:  4    God:    Trog [****..]
Gold:   243        SH:  0    Dex: 10    Spells: 0 memorised, 6 levels left

rFire  . . .     SeeInvis .     w - +0 war axe (curse)
rCold  . . .     Gourm    .     o - +0 scale mail
rNeg   . . .     Faith    .     (no shield)
rPois  .         Spirit   .     (helmet restricted)
rElec  .         Dismiss  .     (no cloak)
rCorr  .         Reflect  .     y - +0 pair of gloves
SustAt .         Harm     .     (no boots)
MR     .....                    (no amulet)
Stlth  ..........               (no ring)
                                (no ring)

@: exhausted, slowed, very slow, not resistant to hostile enchantments,
extremely unstealthy
A: retaliatory headbutt, horns 2
a: Berserk, Trog's Hand, Brothers in Arms, Burn Spellbooks, Renounce Religion


You were on level 6 of the Dungeon.
You worshipped Trog.
Trog was greatly pleased with you.
You were hungry.

You visited 1 branch of the dungeon, and saw 6 of its levels.

You collected 243 gold pieces.

Inventory:

Hand Weapons
 a - a +0 hand axe
 w - a cursed +0 war axe (weapon)
Armour
 o - a +0 scale mail (worn)
 y - a +0 pair of gloves (worn)
Jewellery
 h - an uncursed ring of flight {unknown}
Wands
 d - a wand of iceblast (7/15)
 s - a wand of acid (7/15)
 t - a wand of polymorph (16/24)
 x - a wand of polymorph (5/24)
Scrolls
 b - a scroll of fog
 f - 3 scrolls of magic mapping
 g - 5 scrolls of identify
 j - a scroll of immolation {unknown}
 k - a scroll of fear {unknown}
 l - a scroll of blinking {unknown}
 m - 2 scrolls of remove curse {unknown}
 n - a scroll of amnesia {unknown}
 p - a scroll of recharging {unknown}
 v - a scroll of noise {unknown}
Potions
 e - 3 potions of agility {unknown}
 q - 2 potions of heal wounds {unknown}
 u - 2 potions of curing {unknown}
 z - a potion of might {unknown}
 B - a potion of magic {unknown}
Comestibles
 c - 4 bread rations
 i - a meat ration
 r - 3 beef jerkies
 A - a chunk of flesh


   Skills:
 + Level 6.0 Fighting
 + Level 5.9 Axes
 + Level 5.7 Armour
 + Level 4.7 Dodging


You had 6 spell levels left.
You didn't know any spells.

Dungeon Overview and Level Annotations

Branches:
Dungeon (5/15)
 Temple: D:4-7

Altars:
Okawaru


Innate Abilities, Weirdness & Mutations

You reflexively headbutt those who attack you in melee.
You have a pair of horns on your head.


Message History

* * * LOW HITPOINT WARNING * * *
You closely miss the orc priest. You headbutt the orc priest.
The orc priest is moderately wounded.
You hit something. Something hits you but does no damage.
The orc priest calls down the wrath of Beogh upon you.
You struggle to resist.
Something hits you but does no damage.
The orc priest hits you but does no damage.
You hit the orc priest.
The orc priest is heavily wounded.
You closely miss something. Something hits you.
* * * LOW HITPOINT WARNING * * *
The orc priest hits you with a short sword.
* * * LOW HITPOINT WARNING * * *
Your scale mail prevents you from hitting the orc priest.
The orc priest is heavily wounded.
You closely miss something.
You hear some strange, mumbled words.
A puff of flame appears from out of thin air!
The puff of flame hits you!
You die...

.. ... .# ...
.###.# ..#.# .#..
...## .#...# ##
..>##..(...
##..##........#
#.....@.###..#
....#.###o..#..##
. # ##..)...## .#
##........#.
...##..)).......
................
...#............
.# ##..)))......
#..)))......


You could see an orc priest.

Vanquished Creatures
  An ogre (D:4)
  A howler monkey (D:4)
  A centaur zombie (D:6)
  A hound (D:4)
  A giant frog skeleton (D:6)
  An orc priest (D:6)
  4 orc wizards
  2 iguanas
  3 worker ants (D:4)
  Robin (D:4)
  3 gnolls (D:2)
  3 adders
  A shadow imp (D:5)
  2 oozes
  3 worms
  5 dart slugs
  2 giant geckos
  18 orcs
  5 bats
  7 giant cockroaches
  13 goblins
  14 hobgoblins
  2 jackals (D:2)
  3 quokkas
  3 ball pythons
  2 giant newts
  9 kobolds
  9 rats
120 creatures vanquished.

Notes
Turn   | Place    | Note
--------------------------------------------------------------
     0 | D:1      | pk666 the Minotaur Berserker began the quest for the Orb.
     0 | D:1      | Reached XP level 1. HP: 19/19 MP: 0/0
     6 | D:1      | Noticed a black mamba
     6 | D:1      | Noticed a polar bear
     7 | D:1      | Noticed a killer bee
    19 | D:1      | Reached XP level 2. HP: 21/27 MP: 1/1
   731 | D:1      | Reached ** piety under Trog
   805 | D:1      | Reached skill level 4 in Fighting
   915 | D:1      | Reached XP level 3. HP: 33/33 MP: 2/2
  1181 | D:2      | Reached XP level 4. HP: 28/40 MP: 3/3
  1735 | D:3      | Reached *** piety under Trog
  1820 | D:3      | Reached XP level 5. HP: 38/47 MP: 4/4
  2206 | D:4      | Reached skill level 5 in Axes
  2225 | D:4      | Reached skill level 5 in Fighting
  2319 | D:4      | Noticed Robin
  2323 | D:4      | Reached XP level 6. HP: 56/56 MP: 5/5
  2328 | D:4      | Received a gift from Trog
  2332 | D:4      | Killed Robin
  2551 | D:4      | Reached skill level 5 in Armour
  2781 | D:4      | Found an iron altar of Okawaru.
  3210 | D:5      | Entered Level 5 of the Dungeon
  3491 | D:5      | You fall through a shaft!
  3495 | D:6      | Reached XP level 7. HP: 47/62 MP: 6/6
  3498 | D:6      | Reached **** piety under Trog
  3511 | D:6      | Reached skill level 6 in Fighting
  3537 | D:6      | Killed from afar by an orc wizard

Vault maps used:
D:1:      onia_arrival_zoo_common, corexii_leaking_fountain
D:4:      kennysheep_okawaru_gauntlet, uniq_robin
D:5:      first_bread
D:6:      serial_shops, nicolae_shop_crystal

Skill      XL: |  1  2  3  4  5  6  7 |
---------------+----------------------+-----
Armour         | 3 4 5 |  5.7
Fighting       | 4 5 6 |  6.0
Axes           | 4 5 |  5.9
Dodging        | 3 4 |  4.7

Action                   |  1- 3 |  4- 6 |  7- 9 || total
-------------------------+-------+-------+-------++-------
Melee: Hand axe          |    74 |    80 |       ||   154
       Headbutt          |     8 |    21 |     3 ||    32
       War axe           |       |    66 |    19 ||    85
Invok: Berserk           |       |     1 |     1 ||     2
  Use: Scroll            |       |     3 |       ||     3
  Eat: Chunk             |     1 |     8 |     1 ||    10
Armor: Animal skin       |     3 |       |       ||     3
       Ring mail         |     9 |       |       ||     9
       Scale mail        |       |    51 |    19 ||    70
Dodge: Dodged            |    44 |    80 |    16 ||   140
